Fleur, neutral male human Valkyrie ------ ------ --------------- |....| #.....| |.............| |....-# ###|....| |............`| |....|# # |....--- #-.............| --|-+-##`############ #####........#####|<............| # ### # ---------.- # # |....@.| ---------.-.--- ### ###|..........##### |......| # # # #-.........| % ---.---- ### ##### |.........|### ######## # ----|------- ----------- # ### |.....%....| ### # ### |?%[!%%.(??| ################# # |(.*?/.[[!?| -+-------.--- -.---------- |/!.!?*)%%=| |...........| |...%......| |=(%(*%[=%.| |...........| |..........| ------------ |.........(.| |..........| ------------- |..........| ------------ Fleur the Man-at-arms Experience level: 12 Strength: 25 Dexterity: 17 Constitution: 18 Intelligence: 9 Wisdom: 7 Charisma: 11 Health: 59(100) Energy: 29(29) Def: 13 Gold: 179 Moves: 17046 Dungeon seed: zniecRK6Xi6nn5Jj Game ID: Fleur_1465030348 Your Inventory: Coins $ - 179 gold pieces Weapons w - 5 +0 daggers (in quiver) F - a +0 long sword (weapon in hand) T - a +0 long sword (wielded in other hand) Armor p - an uncursed +0 cloak of magic resistance (being worn) I - an uncursed +0 pair of iron shoes (being worn) L - an uncursed +3 small shield P - a blessed rusty +1 pair of gauntlets of power (being worn) X - a blessed +1 dwarvish mithril-coat (being worn) Y - an uncursed +0 dwarvish iron helm (being worn) Comestibles b - 5 uncursed tripe rations l - 2 uncursed carrots m - 5 uncursed figues U - 2 uncursed lizard corpses Potions E - an uncursed potion of confusion Wands k - a wand of digging (0:4) u - a wand of lightning (0:3) G - a wand of digging (0:4) N - a wand of teleportation (0:4) Tools e - a -1 unicorn horn s - a cursed magic lamp (lit) z - an uncursed bag of holding Gems n - an uncursed luckstone q - 3 uncursed amethyst stones Contents of the bag of holding: 5453 gold pieces 9 uncursed food rations a +0 pick-axe Spells and supernatural/magical abilities: Name Level Category Fail Memory W - pray for help -- divine ? -- Your skills at the end: Miscellaneous Skills shield [Skilled] wands [Basic] Weapon Skills dagger [Skilled] long sword [Skilled] spear [Basic] Spellcasting Skills Final Attributes: You were fervently aligned. You were cold resistant. You were poison resistant. You were magic-protected. You were telepathic. You were stealthy. You could fly. You were protected. You were fast. You were wielding two weapons at once. You had extra luck. Bad luck did not time out for you. Good luck did not time out for you. Odin was angry with you. You survived. Vanquished creatures: 3 green dragons 9 baby green dragons a water troll 2 ghosts 3 queen bees 2 giant mimics 2 fire giants a rock troll an umber hulk 3 large mimics 2 long worms a stalker an air elemental a hill giant a xorn 2 giant zombies 2 wargs 9 small mimics an island nymph a xan an ettin mummy 3 quantum mechanics 7 trolls a pyrolisk a large dog a gargoyle 5 tengu an ochre jelly 2 leocrottas an energy vortex a mountain centaur 3 giants a pit viper a python 2 wraiths 2 ettin zombies a succubus 4 giant beetles a wolf 2 lynxes 3 gremlins 3 leprechauns 5 quivering blobs 2 lizards 2 orc-captains a mumak 7 giant spiders 2 iron piercers a horse an ice vortex a black light 2 vampire bats 5 forest centaurs 4 gnome kings an orc mummy an ogre 2 brown puddings an owlbear a gold golem a Green-elf a dog 2 dingos a housecat 3 jaguars 2 water nymphs a black unicorn 2 dust vortices a raven a plains centaur an ape 3 human zombies 2 rope golems 4 soldier ants 15 fire ants 27 bugbears 2 imps 2 baby crocodiles 4 wood nymphs 3 Mordor orcs 4 Uruk-hai 2 orc shamans a rock piercer 2 ponies 2 fog clouds 3 yellow lights 3 shriekers 2 violet fungi 20 gnome lords 10 gnomish wizards a kobold mummy a red naga hatchling 2 golden naga hatchlings 2 barrow wights 10 elf zombies 2 ghouls 2 straw golems 6 paper golems 7 giant ants 2 little dogs 2 floating eyes a kitten 21 dwarves 2 homunculi 5 kobold lords 3 kobold shamans 4 iguanas 9 hill orcs 7 rothes a rabid rat 3 centipedes 4 monkeys 2 orc zombies 5 dwarf zombies 3 wererats 2 werejackals 86 killer bees 2 coyotes 4 gas spores 10 hobbits 4 large kobolds 3 geckos 25 hobgoblins 2 giant rats 4 cave spiders a brown mold 4 yellow molds 2 green molds a red mold 61 gnomes 5 garter snakes 3 manes 9 gnome zombies 9 jackals 3 foxes a kobold 11 newts 8 goblins 11 sewer rats 18 grid bugs 5 lichens 6 kobold zombies 668 creatures vanquished. Voluntary challenges: You used a wielded weapon 1123 times, starting on turn 16. You read items or engraved 16 times, starting on turn 1037. You never genocided any monsters. You never polymorphed an object. You never changed form. You cheated 3 times but completed Sokoban on turn 8128. You used no wishes. You split 1 pudding, starting on turn 8251. You wrote Elbereth's name 14 times, starting on turn 1037. You violated your moral code, losing 2 points of alignment, starting on turn 7615. Dungeon overview: The Dungeons of Doom: levels 1 to 22 Level 1 a long staircase Level 2 Level 3 a fountain stairs to The Gnomish Mines Level 4 Level 5 Level 6 many fountains Level 7 stairs to Sokoban Level 8 Level 9 a throne Level 10 an armor shop Level 11 a throne Level 12 a fountain portal to The Quest Level 13 Level 14 <- You were here a general store Level 15 a fountain Level 16 a fountain, a throne Level 17 Level 18 Level 19 some fountains Level 20 Level 21 some fountains Level 22 The Gnomish Mines: levels 4 to 11 Level 4 stairs to The Dungeons of Doom Level 5 Level 6 many shops, a temple to Loki, a magic chest, some fountains Level 7 Level 8 Level 9 Level 10 Level 11 a magic chest, a fountain The Quest: Level 1 a magic chest, a fountain portal to The Dungeons of Doom Sokoban: levels 3 to 6 Level 3 a magic chest Level 4 Level 5 a fountain Level 6 a magic chest stairs to The Dungeons of Doom History has recorded: On T:1 you entered the Dungeons of Doom to retrieve the Amulet of Yendor! On T:124 you reached level 2 of The Dungeons of Doom. On T:310 you reached level 3 of The Dungeons of Doom. On T:555 you advanced to experience level 2. On T:886 you reached level 1 of The Gnomish Mines. On T:887 you advanced to experience level 3. On T:919 you reached level 4 of The Dungeons of Doom. On T:1083 you advanced to experience level 4. On T:1409 you reached level 2 of The Gnomish Mines. On T:1520 you reached level 3 of The Gnomish Mines. On T:1591 you advanced to experience level 5. On T:1639 you opened a magic chest. On T:1639 you opened a magic chest. On T:1728 you entered the Minetown temple On T:1772 you opened a magic chest. On T:1772 you opened a magic chest. On T:1774 you opened a magic chest. On T:1774 you opened a magic chest. On T:1935 you opened a magic chest. On T:2007 you advanced to experience level 6. On T:2336 you opened a magic chest. On T:2336 you opened a magic chest. On T:2337 you opened a magic chest. On T:2417 you opened a magic chest. On T:2449 you opened a magic chest. On T:2684 you reached level 4 of The Gnomish Mines. On T:2697 you advanced to experience level 7. On T:2742 you reached level 5 of The Gnomish Mines. On T:3074 you reached level 6 of The Gnomish Mines. On T:3314 you advanced to experience level 8. On T:3343 you reached level 7 of The Gnomish Mines. On T:3507 you reached level 8 of The Gnomish Mines. On T:3507 you reached the bottom of the Mines. On T:3711 you opened a magic chest. On T:3733 you opened a magic chest. On T:4242 you opened a magic chest. On T:4365 you opened a magic chest. On T:4832 you opened a magic chest. On T:4840 you opened a magic chest. On T:4841 you opened a magic chest. On T:4841 you opened a magic chest. On T:4845 you opened a magic chest. On T:4846 you opened a magic chest. On T:4846 you opened a magic chest. On T:4885 you opened a magic chest. On T:4896 you opened a magic chest. On T:4897 you opened a magic chest. On T:4923 you opened a magic chest. On T:4924 you opened a magic chest. On T:5106 you reached level 5 of The Dungeons of Doom. On T:5374 you reached level 6 of The Dungeons of Doom. On T:5601 you reached level 7 of The Dungeons of Doom. On T:5604 you reached level 4 of Sokoban. On T:5881 you advanced to experience level 9. On T:5921 you reached level 3 of Sokoban. On T:5949 you opened a magic chest. On T:6498 you reached level 2 of Sokoban. On T:6568 you opened a magic chest. On T:6569 you opened a magic chest. On T:7223 you reached level 1 of Sokoban. On T:8128 you entered the Sokoban zoo. On T:8185 you opened a magic chest. On T:8290 you opened a magic chest. On T:8621 you reached level 8 of The Dungeons of Doom. On T:8654 you opened a magic chest. On T:8860 you opened a magic chest. On T:8861 you opened a magic chest. On T:9043 you reached level 9 of The Dungeons of Doom. On T:9276 you reached level 10 of The Dungeons of Doom. On T:9297 you reached level 11 of The Dungeons of Doom. On T:9552 you reached level 12 of The Dungeons of Doom. On T:9687 you advanced to experience level 10. On T:10113 you opened a magic chest. On T:10114 you opened a magic chest. On T:10356 you reached level 13 of The Dungeons of Doom. On T:10515 you reached level 14 of The Dungeons of Doom. On T:10642 you reached level 15 of The Dungeons of Doom. On T:10832 you reached level 16 of The Dungeons of Doom. On T:11182 you reached level 17 of The Dungeons of Doom. On T:11643 you reached level 18 of The Dungeons of Doom. On T:11863 you advanced to experience level 11. On T:11952 you reached level 19 of The Dungeons of Doom. On T:12171 you reached level 20 of The Dungeons of Doom. On T:12472 you reached level 21 of The Dungeons of Doom. On T:12545 you reached level 22 of The Dungeons of Doom. On T:13283 you reached level 1 of The Quest. On T:13459 you opened a magic chest. On T:13461 you opened a magic chest. On T:13461 you opened a magic chest. On T:13684 you opened a magic chest. On T:13741 you opened a magic chest. On T:13742 you opened a magic chest. On T:13742 you opened a magic chest. On T:13771 you opened a magic chest. On T:13791 you opened a magic chest. On T:13791 you opened a magic chest. On T:13796 you opened a magic chest. On T:13797 you opened a magic chest. On T:13892 you opened a magic chest. On T:13901 you opened a magic chest. On T:13903 you opened a magic chest. On T:14008 you opened a magic chest. On T:14030 you opened a magic chest. On T:14031 you opened a magic chest. On T:16133 you opened a magic chest. On T:16134 you opened a magic chest. On T:16134 you opened a magic chest. On T:16135 you opened a magic chest. On T:16415 you advanced to experience level 12. Score breakdown: Gold: 5632 ( 563 points) Experience: 12 levels ( 1100 points) Exploration: 22 levels ( 630 points) Discoveries: 36 items ( 1800 points) Variety of kills: 141 monsters ( 2000 points) Major goal: Sokoban/Mines ( 1500 points) Survival: quit (score multiplied by 3) Total score: 22779 Latest messages: Velkommen Fleur, the male human Valkyrie, welcome back to NetHack! Final status: Farvel Fleur the Valkyrie, quit... You quit in The Dungeons of Doom on dungeon level 14 with 22779 points, and 5632 pieces of gold, after 17046 moves. You were level 12 with a maximum of 100 hit points when you quit.